 Dungeon Crawl Stone Soup version 0.23.2-11-gf996548 (webtiles) character file.

Game seed: 3339078322291597230

76 Fortress the Ogre Mage (level 4, -6/39 HPs)
             Began as an Ogre Wizard on June 3, 2019.
             Killed by divine providence
             ... invoked by an orc priest
              (12 damage)
             ... on level 3 of the Dungeon.
             The game lasted 00:09:48 (1875 turns).

Fortress the Ogre Mage (Ogre Wizard)                Turns: 1875, Time: 00:09:50

Health: -6/39      AC:  3    Str: 11    XL:     4   Next: 32%
Magic:  5/9        EV: 10    Int: 20    God:
Gold:   102        SH:  0    Dex:  7    Spells: 9/10 levels left

rFire    . . .     SeeInvis .   f - +2 dagger (drain)
rCold    . . .     Gourm    .   (no shield)
rNeg     . . .     Faith    .   a - +0 robe
rPois    .         Spirit   .   b - +0 hat
rElec    .         Reflect  .   (no cloak)
rCorr    .         Harm     .   (gloves unavailable)
MR       .....                  (boots unavailable)
Stlth    +.........             (no amulet)
HPRegen  0.13/turn              (no ring)
MPRegen  0.11/turn              (no ring)

@: no status effects
A: large, unfitting armour, tough skin 1
a: no special abilities


You were on level 3 of the Dungeon.
You were not hungry.

You visited 1 branch of the dungeon, and saw 3 of its levels.

You collected 102 gold pieces.

Inventory:

Hand Weapons
 f - a +2 dagger of draining (weapon)
 g - a +1 dagger of freezing
Armour
 a - a +0 robe (worn)
 b - a +0 hat (worn)
 h - a +2 hat
Jewellery
 j - an uncursed ring of wizardry {unknown}
 o - an uncursed ring of see invisible {unknown}
Scrolls
 i - a scroll of blinking {unknown}
 l - a scroll of teleportation {unknown}
 n - a scroll of identify {unknown}
 p - a scroll of fog {unknown}
Potions
 c - a potion of berserk rage {unknown}
 e - a potion of invisibility {unknown}
 k - a potion of flight {unknown}
 m - 2 potions of curing {unknown}
Comestibles
 d - 6 rations
 q - 2 chunks of flesh


   Skills:
 - Level 1.7 Dodging
 - Level 1.4 Stealth
 - Level 3.6 Spellcasting
 + Level 3.6 Conjurations
   Level 0.8 Summonings
   Level 0.8 Translocations


You had 9 spell levels left.
You knew the following spells:

 Your Spells              Type           Power        Failure   Level  Hunger
a - Magic Dart            Conj           ###.         3%          1    None

Your spell library contained the following spells:

 Spells                   Type           Power        Failure   Level  Hunger
 Blink                    Tloc           N/A          14%         2    ##.....
 Call Imp                 Summ           #.......     14%         2    ##.....
 Conjure Flame            Conj/Fire      ##......     19%         3    ###....
 Slow                     Hex            #.......     21%         2    ##.....
 Mephitic Cloud           Conj/Pois/Air  #.......     24%         3    ###....


Dungeon Overview and Level Annotations

Branches:
Dungeon (3/15)

Altars:
Ashenzari


Innate Abilities, Weirdness & Mutations

You are too large for most types of armour.
You have tough skin. (AC +1)


Message History

The orc priest hits you with a +0 falchion!
* * * LOW HITPOINT WARNING * * *
The orc hits you with a cursed -1 short sword.
* * * LOW HITPOINT WARNING * * *
You hit the orc priest.
The orc priest is lightly wounded.
The orc hits you but does no damage.
The orc priest hits you but does no damage.
The orc hits you but does no damage.
You hit the orc priest but do no damage.
The orc priest is lightly wounded.
The orc closely misses you. The orc priest barely misses you.
The orc hits you but does no damage.
You barely miss the orc priest.
The orc priest is lightly wounded.
The orc hits you with a +0 club.
* * * LOW HITPOINT WARNING * * *
The orc priest calls down the wrath of Beogh upon you.
Beogh smites you!
You die...

###########
#......... #
#.......##...
#..$o)o....#
#....@o#
#......#
########


You could see an orc priest and 2 orcs.

Vanquished Creatures
  2 adders (D:2)
  A worm (D:2)
  A dart slug (D:1)
  2 leopard geckos
  2 orcs (D:3)
  5 bats
  3 giant cockroaches
  6 goblins
  8 hobgoblins
  A quokka (D:2)
  2 ball pythons
  7 frilled lizards
  5 kobolds (D:1)
  2 rats
47 creatures vanquished.

Notes
Turn   | Place    | Note
-------+----------+-------------------------------------------
     0 | D:1      | Fortress the Ogre Wizard began the quest for the Orb.
     0 | D:1      | Reached XP level 1. HP: 16/16 MP: 5/5
     9 | D:1      | Reached skill level 1 in Conjurations
   272 | D:1      | Reached XP level 2. HP: 15/24 MP: 3/6
   867 | D:1      | Reached XP level 3. HP: 31/31 MP: 0/8
  1343 | D:2      | Found a shattered altar of Ashenzari.
  1443 | D:2      | Reached XP level 4. HP: 39/39 MP: 4/9
  1875 | D:3      | Killed from afar by an orc priest

Skill      XL: |  1  2  3 |
---------------+----------+-----
Conjurations   | 1 2 3 |  3.6
Dodging        | |  1.7
Stealth        | |  1.4
Spellcasting   | |  3.6
Summonings     | |  0.8
Translocations | |  0.8

Action                   |  1- 3 |  4- 6 || total
-------------------------+-------+-------++-------
Melee: Unarmed           |    46 |       ||    46
       Short sword       |    14 |       ||    14
       Dagger            |     8 |    21 ||    29
 Cast: Magic Dart        |    48 |    23 ||    71
 Stab: Sleeping          |     1 |       ||     1
  Eat: Chunk             |     2 |     1 ||     3
Armor: Robe              |    25 |     1 ||    26
Dodge: Dodged            |    39 |    16 ||    55
